 Dungeon Crawl Stone Soup version 0.31-a0-1057-g70f3316b05 (webtiles) character file.

Game seed: 520794357462356914

633344 Bnni the Messiah (level 27, -21/290 HPs)
             Began as a Hill Orc Monk on Oct 24, 2023.
             Was the Champion of Beogh.
             Killed from afar by a black draconian knight (49 damage)
             ... with a bolt of lightning
             ... on level 4 of the Realm of Zot on Nov 20, 2023.
             The game lasted 08:03:01 (80827 turns).

Bnni the Messiah (Hill Orc Monk)                   Turns: 80827, Time: 08:03:02

Health: -21/290    AC: 39    Str: 31    XL:     27
Magic:  38/39      EV: 30    Int:  6    God:    Beogh [******]
Gold:   3450       SH: 35    Dex: 25    Spells: 1/26 levels left

rFire   + + .        r - +8 mithril axe "Arga" {speed, Will+}
rCold   + . .        U - +10 tower shield of Ignorance {rN+ Int-4}
rNeg    + + +        R - +10 pearl dragon scales
rPois   +            (helmet restricted)
rElec   .            k - +2 cloak {rCorr}
rCorr   +            z - +2 pair of gloves of Infinity {Fly rF+ Regen+ Str+2}
SInv    .            C - +1 pair of boots
Will    +++..        X - amulet "Tucics" {Regen+ Dex+3} Stlth
                     S - ring "Mucan" {rF+ EV+5 Str+3 Dex+3}
HPRegen 2.28/turn    E - ring of Life {rC+ rN+ Dex+4}
MPRegen 0.26/turn

%: no passive effects
@: flying, glowing, studying 2 skills
A: walk on water, antennae 1, mutation resistance 1, poison resistance, robust 1
}: 5/15 runes: decaying, slimy, silver, abyssal, gossamer
a: Renounce Religion, Smiting, Recall Orcish Followers, Give Item to Named
Follower, Resurrection


You were on level 4 of the Realm of Zot.
You worshipped Beogh.
Beogh was exalted by your worship.
You visited 12 branches of the dungeon, and saw 55 of its levels.
You visited the Abyss 2 times.
You also visited: Trove, Sewer, Bailey, Volcano, Wizlab and Desolation.

You collected 9086 gold pieces.
You spent 5636 gold pieces at shops.

Inventory:

Hand Weapons
 r - the +8 mithril axe "Arga" (weapon) {speed, Will+}
   (You found it in a treasure trove)

   Will+:     It increases your willpower.
 Q - a +9 broad axe of flaming
Missiles
 D - 11 curare-tipped darts
 G - 28 silver javelins
 J - 29 boomerangs (quivered)
 O - 4 javelins
 P - 2 throwing nets
Armour
 d - the +7 chain mail "Goydoraa" {Rampage +Blink rPois}
   (You took it off a deep elf blademaster on level 3 of the Elven Halls)

   rPois:     It protects you from poison +Blink: It lets you blink.
   Rampage:   It bestows one free step when moving towards enemies.
 e - the +10 chain mail "Jairaph" {rCorr}
   (You took it off a deep elf master archer on level 3 of the Elven Halls)

   rCorr:     It protects you from acid and corrosion.
 k - a +2 cloak of preservation (worn)
 s - the +1 pair of gloves of Rationality {rC+ Stlth+}
   (You acquired it on level 3 of the Depths)

   rC+:       It protects you from cold.
   Stlth+:    It makes you more stealthy.
 y - the +0 pair of gloves "Timicsys" {Harm rN+ Slay+6}
   (You took it off Nikola on level 2 of the Swamp)

   Slay+6:    It affects your accuracy & damage with ranged weapons and melee
   (+6).
   rN+:       It protects you from negative energy.
   Harm:      It increases damage dealt and taken.
 z - the +2 pair of gloves of Infinity (worn) {Fly rF+ Regen+ Str+2}
   (You acquired it on level 5 of the Vaults)

   Str+2:     It affects your strength (+2).
   rF+:       It protects you from fire.
   Fly:       It grants you flight.
   Regen+:    It increases your rate of health regeneration.
 C - a +1 pair of boots (worn)
 R - +10 pearl dragon scales (worn)
 U - the +10 tower shield of Ignorance (worn) {rN+ Int-4}
   (You found it on level 5 of the Pits of Slime)

   Int-4:     It affects your intelligence (-4).
   rN+:       It protects you from negative energy.
Jewellery
 a - the ring "Duffanku" {rPois rC+ rN+ Str-5 Dex+3}
   (You found it on level 3 of the Crypt)

   [ring of positive energy]

   Str-5:     It affects your strength (-5).
   Dex+3:     It affects your dexterity (+3).
   rC+:       It protects you from cold.
   rPois:     It protects you from poison rN+: It protects you from negative
   energy.
 b - the ring of Tezoad {rPois Str+6 SInv}
   (You took it off an imperial myrmidon in the Desolation of Salt)

   [ring of strength]

   Str+6:     It affects your strength (+6).
   rPois:     It protects you from poison SInv: It lets you see invisible.
 j - a ring of protection from fire
 u - the ring of Idealism {rN+ AC+4 Dex+3}
   (You found it on level 1 of the Vaults)

   [ring of protection]

   AC+4:      It affects your AC (+4).
   Dex+3:     It affects your dexterity (+3).
   rN+:       It protects you from negative energy.
 E - the ring of Life (right hand) {rC+ rN+ Dex+4}
   (You took it off a deep elf death mage on level 3 of the Elven Halls)

   [ring of positive energy]

   Dex+4:     It affects your dexterity (+4).
   rC+:       It protects you from cold.
   rN+:       It protects you from negative energy.
 N - the ring "Qacos" {rElec Will+ Dex+6}
   (You took it off a deep elf death mage on level 3 of the Elven Halls)

   [ring of willpower]

   Dex+6:     It affects your dexterity (+6).
   rElec:     It insulates you from electricity.
   Will+:     It increases your willpower.
 S - the ring "Mucan" (left hand) {rF+ EV+5 Str+3 Dex+3}
   (You found it on level 5 of the Lair of Beasts)

   [ring of evasion]

   EV+5:      It affects your evasion (+5).
   Str+3:     It affects your strength (+3).
   Dex+3:     It affects your dexterity (+3).
   rF+:       It protects you from fire.
 X - the amulet "Tucics" (around neck) {Regen+ Dex+3}
   (You found it on level 14 of the Dungeon)

   [amulet of regeneration]

   Dex+3:     It affects your dexterity (+3).
   Regen+:    It increases your rate of health regeneration.
Wands
 n - a wand of digging (7)
 H - a wand of iceblast (94)
 M - a wand of quicksilver (24)
Scrolls
 h - a scroll of enchant armour
 i - 31 scrolls of teleportation
 l - 7 scrolls of fog
 o - 2 scrolls of revelation
 q - 3 scrolls of silence
 w - 12 scrolls of fear
 I - 10 scrolls of immolation
 T - a scroll of blinking
 Y - 2 scrolls of butterflies
Potions
 c - 10 potions of ambrosia
 f - 7 potions of haste
 g - 2 potions of enlightenment
 m - 2 potions of berserk rage
 p - 26 potions of curing
 t - 6 potions of might
 x - 11 potions of mutation
 A - 12 potions of cancellation
 B - 9 potions of heal wounds
 F - 9 potions of resistance
 K - 8 potions of magic
 L - 7 potions of invisibility
 V - 8 potions of attraction
Miscellaneous
 v - a phial of floods
 W - a phantom mirror


   Skills:
 + Level 24.5 Fighting
 - Level 18.0 Axes
 + Level 18.5 Throwing
 + Level 20.1 Armour
 + Level 17.4 Dodging
 * Level 20.9 Shields
 * Level 10.8 Translocations
 * Level 2.5 Air Magic
 + Level 25.0 Invocations


You had one spell level left.
You knew the following spells:

 Your Spells              Type           Power      Damage    Failure   Level
a - Lesser Beckoning      Tloc           26%        N/A       1%          2
b - Blink                 Tloc           26%        N/A       1%          2
c - Dimensional Bullseye  Hex/Tloc       3%         N/A       77%         4
d - Vhi's Electric Charg  Tloc/Air       16%        N/A       58%         4
e - Manifold Assault      Tloc           13%        N/A       14%         4
f - Passage of Golubria   Tloc           13%        N/A       14%         4
s - Sublimation of Blood  Necr           0%         N/A       87%         2
w - Wereblood             Tmut           0%         N/A       87%         2
z - Apportation           Tloc           26%        N/A       1%          1

Your spell library contained the following spells:

 Spells                   Type           Power      Damage    Failure   Level
 Kiss of Death            Conj/Necr      0%         2d5       75%         1
 Magic Dart               Conj           0%         1d3       75%         1
 Necrotise                Necr           0%         1d4       75%         1
 Sandblast                Erth           0%         2d4       75%         1
 Slow                     Hex            0%         N/A       75%         1
 Sting                    Tmut/Pois      0%         1d3       75%         1
 Summon Small Mammal      Summ           0%         N/A       75%         1
 Gell's Gravitas          Tloc           13%        N/A       4%          3
 Teleport Other           Tloc           13%        N/A       4%          3
 Momentum Strike          Conj/Tloc      12%        3d8       19%         2
 Volatile Blastmotes      Fire/Tloc      12%        2d11      36%         3
 Poisonous Vapours        Pois/Air       2%         N/A       71%         2
 Cigotuvi's Dreadful Rot  Necr/Pois/Air  2%         N/A       77%         2
 Swiftness                Air            3%         N/A       77%         3
 Call Imp                 Summ           0%         N/A       87%         2
 Ensorcelled Hibernation  Hex/Ice        0%         N/A       87%         2
 Jinxbite                 Hex            0%         N/A       87%         2
 Passwall                 Tmut/Erth      0%         N/A       87%         2
 Scorch                   Fire           0%         2d5       87%         2
 Searing Ray              Conj           0%         2d4       87%         2
 Dispersal                Tloc           6%         N/A       91%         6
 Mephitic Cloud           Conj/Pois/Air  1%         N/A       94%         3
 Call Canine Familiar     Summ           0%         N/A       98%         3
 Confusing Touch          Hex            0%         N/A       98%         3
 Dazzling Flash           Conj/Hex       0%         N/A       98%         3
 Frozen Ramparts          Ice            0%         1d1       98%         3
 Hailstorm                Conj/Ice       0%         3d3       98%         3
 Ignite Poison            Fire/Tmut/Pois 0%         N/A       98%         3
 Ozocubu's Armour         Ice            0%         N/A       98%         3
 Sigil of Binding         Hex            0%         N/A       98%         3
 Stone Arrow              Conj/Erth      0%         3d7       98%         3
 Summon Guardian Golem    Hex/Summ       0%         N/A       98%         3
 Tukima's Dance           Hex            0%         N/A       98%         3
 Vampiric Draining        Necr           0%         2d6       98%         3
 Summon Forest            Summ/Tloc      3%         N/A       98%         5
 Anguish                  Hex/Necr       0%         N/A       100%        4
 Animate Dead             Necr           0%         N/A       100%        4
 Brom's Barrelling Bould  Conj/Erth      0%         2d3       100%        4
 Cause Fear               Hex            0%         N/A       100%        4
 Dispel Undead            Necr           0%         3d6       100%        4
 Flame Wave               Conj/Fire      0%         2d4       100%        4
 Fulminant Prism          Conj/Hex       0%         3d5       100%        4
 Leda's Liquefaction      Hex/Erth       0%         N/A       100%        4
 Olgreb's Toxic Radiance  Pois           0%         N/A       100%        4
 Petrify                  Tmut/Erth      0%         N/A       100%        4
 Summon Ice Beast         Ice/Summ       0%         N/A       100%        4
 Summon Lightning Spire   Summ/Air       1%         N/A       100%        4
 Agony                    Necr           0%         N/A       100%        5
 Alistair's Intoxication  Tmut/Pois      0%         N/A       100%        5
 Arcjolt                  Conj/Air       0%         1d10      100%        5
 Borgnjor's Vile Clutch   Necr/Erth      0%         N/A       100%        5
 Fireball                 Conj/Fire      0%         3d3       100%        5
 Irradiate                Conj/Tmut      0%         3d11      100%        5
 Iskenderun's Battlesphe  Conj           0%         2d6       100%        5
 Metabolic Englaciation   Hex/Ice        0%         N/A       100%        5
 Silence                  Hex/Air        0%         N/A       100%        5
 Summon Mana Viper        Hex/Summ       0%         N/A       100%        5
 Yara's Violent Unravell  Hex/Tmut       0%         3d3       100%        5
 Bombard                  Conj/Erth      0%         9d1       100%        6
 Death Channel            Necr           0%         N/A       100%        6
 Eringya's Noxious Bog    Tmut/Pois      0%         4d6       100%        6
 Plasma Beam              Fire/Air       0%         2x1d10    100%        6
 Simulacrum               Ice/Necr       0%         N/A       100%        6
 Starburst                Conj/Fire      0%         6d3       100%        6
 Summon Cactus Giant      Summ           0%         N/A       100%        6
 Haunt                    Necr/Summ      0%         N/A       100%        7
 Malign Gateway           Summ/Tloc      3%         N/A       100%        7
 Monstrous Menagerie      Summ           0%         N/A       100%        7
 Spellforged Servitor     Conj/Summ      0%         N/A       100%        7
 Discord                  Hex            0%         N/A       100%        8
 Disjunction              Tloc           6%         N/A       100%        8
 Ignition                 Fire           0%         3d3       100%        8
 Infestation              Necr           0%         N/A       100%        8
 Lehudib's Crystal Spear  Conj/Erth      0%         10d2      100%        8
 Maxwell's Capacitive Co  Air            1%         ∞         100%        8
 Summon Horrible Things   Summ           0%         N/A       100%        8
 Chain Lightning          Conj/Air       0%         2d1       100%        9
 Death's Door             Necr           0%         N/A       100%        9
 Dragon's Call            Summ           0%         N/A       100%        9
 Fire Storm               Conj/Fire      0%         5d1       100%        9
 Shatter                  Erth           0%         3d5*      100%        9


Dungeon Overview and Level Annotations

Branches:
Dungeon (15/15)            Temple (0/1) D:4            Lair (5/5) D:10
  Swamp (4/4) Lair:3       Spider (4/4) Lair:3        Slime (5/5) Lair:4
    Orc (2/2) D:11            Elf (3/3) Orc:2        Vaults (5/5) D:13
  Crypt (3/3) Vaults:2       Tomb (0/3) Crypt:3      Depths (4/4) D:15
   Hell (visited)             Dis (0/7) Hell            Geh (0/7) Hell
    Coc (0/7) Hell            Tar (0/7) Hell            Zot (4/5) Depths:4
  Sewer (visited)          Bailey (visited)         Volcano (visited)
 WizLab (visited)         Desolation (visited)

Altars:
Makhleb
Okawaru
Qazlal
Sif Muna
Uskayaw
Vehumet
Xom
Yredelemnul
Beogh
Jiyva
Lugonu

Shops:
D:4 ::   D:11 [   D:12 ?   D:14 ?   Orc:1 :   Orc:2 ?**?   Elf:2 (:!
Vaults:1 ?   Depths:1 *   Depths:2 !

Portals:
Hell: Depths:1 Depths:2 Depths:3 Depths:4
Abyss: Lair:3 Depths:3 Depths:4
Pandemonium: Depths:1 Depths:2
Ziggurat: Depths:2

Annotations:
D:7 3 runed translucent doors, Mindmass's ghost, novice GnCj


Innate Abilities, Weirdness & Mutations

You can walk on water.
You have a pair of small antennae on your head.
You are somewhat resistant to further mutation.
Your system is resistant to poisons. (rPois)
You are robust. (+10% HP)


Message History

Your orc warlords go into a battle-frenzy!
Zartorak hits something with the +5 spear "Hill Orc's Peril" {heavy, Will+ rCorr Str+5}!
Hawl hits the deathcap with a +0 club.
The deathcap releases spores at Worak.
Worak is engulfed in a cloud of dizzying spores!
Worak hits the deathcap with a +5 demon trident of draining!!!
The deathcap is destroyed!
The deathcap disappears in a puff of smoke!
Items here: )))) [[[ †††.
Unknown command.
You slash the tentacled monstrosity!
The tentacled monstrosity is lightly wounded.
A shard of ice appears from out of thin air!
The shard of ice hits Bogrim!
You block the tentacled monstrosity's attack. x3
The tentacled monstrosity barely misses you.
Bogbrand hits the tentacled monstrosity from afar with a +3 bardiche!!
Unknown command.
You slice the tentacled monstrosity!!
The tentacled monstrosity is heavily wounded.
The curse toe calls on the powers of darkness!
The white draconian stormcaller convulses!
Worak convulses!
The swamp drake convulses!
The black draconian convulses!
Zartorak convulses!
Something is bathed in an unholy light!
Olfik convulses!
Bogbrand convulses!
Bogrim convulses!
Your body is wracked with pain!
* * * LOW HITPOINT WARNING * * *
Boruk convulses!
Norbak convulses!
Hawl convulses!
Bogwik convulses!
Hawl hits the deathcap with a +0 club.
Bogrim hits the tentacled monstrosity with a +3 glaive of venom!!
The tentacled monstrosity completely misses you.
The tentacled monstrosity barely misses you.
You block the tentacled monstrosity's attack. x2
Olfik hits the tentacled monstrosity with a +5 spear!
Worak hits the tentacled monstrosity from afar with a +5 demon trident of draining!!
The deathcap barely misses Hawl.
A bolt of lightning appears from out of thin air!
The bolt of lightning hits Bogrim!
The bolt of lightning hits you!!!
You die...

#..# #..# #..#
#..# . #..#
#..# ..####..#
#..#
.....#..####..#
.......o......#
#####..o......#
##ooo###..#
##f)@o#..#


#fooX{kd# #####qz....# {qoo(##.# ....# k....( [#.#.#. ...#... ...# .. You could
see a tentacled monstrosity (berserk, distracted, ally target), a black
draconian (berserk), a curse toe, a white draconian stormcaller (ally target), a
deathcap (summoned, distracted), a wandering mushroom (summoned), a swamp drake
(summoned), a friendly orc warlord (strong), the friendly Bogbrand the orc
warlord (strong), the friendly Bogrim the orc warlord (strong), the friendly
Boruk the orc warlord (strong), the friendly Norbak the orc warlord (strong),
the friendly Olfik the orc warlord (strong), the friendly Worak the orc warlord
(strong), the friendly Zartorak the orc warlord (strong, poisoned), the friendly
Bogwik the orc high priest (strong) and the friendly Hawl the orc high priest
(strong).

Vanquished Creatures
  the Royal Jelly (Slime:5)
  An ancient lich (Crypt:3)
  2 orbs of fire (Zot:2)
  Boris (twice) (Vaults:4 Depths:3)
  Frederick (Depths:4)
  3 curse toes (Zot:3)
  2 caustic shrikes (Depths:2)
  6 golden dragons
  A profane servitor (Abyss:2)
  A Hellbinder (WizLab)
  2 bone dragons
  An electric golem (Zot:4)
  A hellephant (WizLab)
  8 tentacled monstrosities
  Zenata (Vaults:2)
  Jorgrun (Elf:2)
  4 liches
  A walking divine tome (Depths:3)
  6 searing wretches (Depths:2)
  2 titans
  3 quicksilver dragons
  A walking frostbound tome (Depths:2)
  A deep elf blademaster (Elf:3)
  2 deep elf master archers (Elf:3)
  6 tentacled starspawn
  2 ancient champions
  10 acid blobs
  4 sphinxes
  Gastronok (D:9)
  4 shadow dragons
  2 death cobs
  2 tengu reavers
  6 storm dragons
  5 draconian monks
  7 rockslimes
  2 revenants (Crypt:3)
  Aizul (Spider:4)
  A fenstrider witch (Swamp:1)
  5 fire giants
  10 draconian knights
  An emperor scorpion (Spider:4)
  6 azure jellies
  An imperial myrmidon (Desolation)
  3 balrugs
  4 iron dragons
  A curse skull (Crypt:3)
  3 deep elf sorcerers
  7 frost giants
  A spectral juggernaut (Crypt:3)
  3 ghost moths
  2 deep elf elementalists (Elf:3)
  12 vault wardens
  A draconian scorcher (Zot:3)
  Louise (Lair:3)
  A juggernaut zombie (Depths:2)
  4 draconian stormcallers
  A broodmother (Spider:4)
  A cacodemon (Abyss:2)
  4 ghouls
  2 draconian shifters (Zot:2)
  2 formless jellyfish
  2 orc warlords
  9 quicksilver oozes
  2 war gargoyles
  8 ironbound preservers
  11 stone giants
  10 draconian annihilators
  5 deep elf demonologists
  8 ironbound thunderhulks
  4 reapers
  3 eleionomae
  7 very ugly things
  6 green draconians
  4 vampire knights
  6 black draconians
  8 purple draconians
  7 deep elf annihilators (Elf:3)
  11 white draconians
  8 red draconians
  6 dire elephants
  3 halazid warlocks (Desolation)
  8 yellow draconians
  9 eidola (Crypt:3)
  11 spark wasps
  3 crystal guardians
  5 ettins
  8 deep elf death magi
  2 blizzard demons
  4 ragged hierophants (Desolation)
  3 spectral quicksilver dragons (Crypt:3)
  9 fire dragons
  14 jiangshi
  An ettin (shapeshifter) (Depths:2)
  4 entropy weavers
  3 servants of whispers (Desolation)
  10 yaktaur captains
  4 deep elf high priests
  3 rakshasas
  8 ice dragons
  2 hell beasts (WizLab)
  5 great orbs of eyes
  A caustic shrike simulacrum (Depths:3)
  An Orb Guardian zombie (Crypt:3)
  16 vault guards
  2 ironbound frosthearts (Vaults:3)
  An ogre mage (Vaults:2)
  A bennu zombie (Crypt:3)
  7 peacekeepers
  3 alligators (Swamp:1)
  3 hydras
  2 radroaches
  4 two-headed ogres
  2 death knights
  22 dancing weapons
  A spriggan air mage (Depths:1)
  14 centaur warriors
  A stoker (Depths:2)
  A spectral stone giant (Crypt:3)
  3 boulder beetles
  5 deep troll shamans
  5 thrashing horrors (Abyss:2)
  8 hell hogs
  9 spriggan berserkers
  2 orc high priests
  6 tengu warriors
  4 demonic crawlers
  7 vampire magi
  2 deep troll earth magi
  Urug (D:10)
  2 spectral storm dragons (Crypt:3)
  A shock serpent (shapeshifter) (Elf:1)
  2 occultists
  6 sun demons
  13 deep elf knights
  A titan zombie (Vaults:4)
  2 wretched stars
  10 soul eaters
  11 hell knights
  6 shadow wraiths
  A skyshark (Lair:1)
  A bunyip zombie (Hell)
  4 pharaoh ants
  An iron troll (Vaults:5)
  A shadow demon (WizLab)
  A goliath frog (Swamp:1)
  13 skeletal warriors
  A golden dragon zombie (Depths:1)
  3 sixfirhies (WizLab)
  A sea snake (shapeshifter) (Elf:1)
  2 sun moths (Spider:4)
  A spark wasp zombie (Depths:3)
  7 orb spiders
  6 spriggan druids
  An iron giant zombie (Crypt:2)
  A spectral hydra (Crypt:3)
  33 deep trolls
  3 arcanists
  17 ironbound convokers
  8 flayed ghosts
  4 bog bodies (Swamp:1)
  Pikel (D:5)
  A spriggan simulacrum (Hell)
  12 deep elf archers
  7 necromancers
  3 swamp dragons
  10 phantasmal warriors
  15 deep elf zephyrmancers
  A shadow dragon zombie (Depths:1)
  3 steelbarb worms
  A golden dragon skeleton (Depths:3)
  8 lindwurms
  3 orc knights
  An iron dragon zombie (Crypt:1)
  9 wolf spiders
  26 deep elf pyromancers
  24 ugly things
  3 cyclopes
  10 large abominations
  2 salamanders (Depths:1)
  A wolf spider (shapeshifter) (Depths:3)
  2 orc sorcerers
  A tengu skeleton (Vaults:1)
  A cyclops (shapeshifter) (Vaults:1)
  8 shining eyes
  9 will-o-the-wisps
  A manticore (D:13)
  A spectral ettin (Crypt:3)
  15 moths of wrath
  5 guardian serpents (Desolation)
  A guardian serpent (shapeshifter) (D:14)
  5 black mambas
  2 elephants (Lair:1)
  3 molten gargoyles
  13 vault sentinels
  2 eyes of devastation
  A naga zombie (Hell)
  8 rust devils
  An iron dragon skeleton (Depths:2)
  48 slime creatures
  4 orange demons
  An apocalypse crab (Abyss:2)
  A torpor snail (Spider:4)
  4 smoke demons
  3 gargoyles
  A minotaur zombie (Crypt:3)
  A dire elephant skeleton (Hell)
  6 cane toads
  4 hellions
  2 rime drakes
  2 efreet
  3 ancient zymes
  A komodo dragon (shapeshifter) (Vaults:5)
  16 yaktaurs
  3 kobold demonologists (D:12)
  5 tormentors
  An anaconda simulacrum (Crypt:3)
  A spectral naga (Crypt:3)
  3 tengu conjurers
  4 komodo dragons
  19 freezing wraiths
  A spectral harpy (Crypt:3)
  A grey draconian skeleton (Crypt:2)
  A spectral deep troll (Crypt:3)
  A harpy zombie (Abyss:2)
  A queen bee (Spider:3)
  A green draconian skeleton (Crypt:3)
  A hellwing (Abyss:3)
  6 meliai
  4 trolls
  A tyrant leech (Swamp:3)
  8 tarantellas
  9 hornets
  6 blink frogs
  An iron dragon simulacrum (Hell)
  39 saltlings (Desolation)
  5 raiju (Abyss:2)
  3 glass eyes (Depths:2)
  3 dream sheep (Lair:2)
  A dream sheep (shapeshifter) (Elf:1)
  3 flying skulls (Crypt:1)
  A death drake skeleton (Crypt:3)
  19 jumping spiders
  12 culicivoras
  37 yaks
  3 ynoxinuls (Abyss:2)
  A dire elephant simulacrum (Crypt:3)
  An air elemental (Depths:4)
  13 spriggans
  2 shadows
  8 wyverns
  An elf zombie (Vaults:4)
  4 basilisks
  6 wraiths
  9 starcursed masses
  6 water elementals
  5 fire elementals
  A chaos spawn (Abyss:3)
  9 vampire mosquitoes (D:12)
  2 fire bats (Volcano)
  A wind drake skeleton (Crypt:1)
  A catoblepas simulacrum (Hell)
  32 redbacks
  7 steam dragons
  Menkaure (D:7)
  3 spatial vortices (Abyss:2)
  2 wargs
  2 harpy simulacra (Crypt:3)
  A demonspawn zombie (Crypt:2)
  A glowing shapeshifter zombie (Crypt:2)
  7 small abominations
  9 swamp worms
  2 water moccasins (Lair:1)
  An acid dragon (D:8)
  An entropy weaver zombie (Crypt:1)
  Duvessa (D:7)
  2 glowing shapeshifter skeletons
  4 hell hounds (Lair:5)
  3 swamp drakes
  2 black bears (D:5)
  2 ice beasts (D:5)
  2 orc warriors
  A sky beast (Abyss:2)
  Pargi (Sewer)
  5 ogres
  2 centaurs (D:12)
  2 wolves
  A lemure (D:5)
  A hog skeleton (Crypt:3)
  6 kobold brigands
  3 earth elementals
  5 bullfrogs
  A gnoll sergeant (D:10)
  A draconian skeleton (Crypt:2)
  A naga simulacrum (Crypt:3)
  4 scorpions
  A wyvern skeleton (Crypt:3)
  A water moccasin zombie (Crypt:2)
  Dowan (D:7)
  11 killer bees (Spider:3)
  An electric eel (D:10)
  4 howler monkeys
  A swamp dragon simulacrum (Hell)
  4 lava snakes
  A crimson imp (D:5)
  2 human simulacra (Vaults:1)
  A bullfrog zombie (Crypt:1)
  A gnoll bouda (D:7)
  5 hounds
  A quasit (Abyss:2)
  6 orc priests
  A black bear zombie (Crypt:2)
  6 jellies
  2 sleepcaps
  A black bear skeleton (Crypt:3)
  Natasha (twice) (D:4)
  A hell rat (Lair:4)
  3 iguanas
  11 orc wizards
  3 lightning spires (Depths:4)
  A deep dwarf skeleton (Crypt:2)
  A howler monkey skeleton (Crypt:1)
  7 gnolls
  4 adders
  A shadow imp (D:7)
  2 white imps
  5 ufetubi
  An iguana skeleton (Crypt:3)
  A worm (D:3)
  3 dart slugs
  19 orcs
  8 ball pythons
  6 endoplasms
  5 giant cockroaches
  5 goblins
  6 hobgoblins
  6 quokkas
  5 bats
  11 frilled lizards
  13 kobolds
  2 kobold zombies (D:8)
  4 rats
  A rat skeleton (Crypt:1)
  A creeping inferno (Hell)
  3 starspawn tentacles
1627 creatures vanquished.

Vanquished Creatures (collateral kills)
  A dread lich (Vaults:4)
  The ghost of deprived the Bringer of Light, a veteran HOFi of the Shining One (Vaults:1)
  Bai Suzhen (Vaults:2)
  Xtahua (Depths:4)
  3 caustic shrikes (Depths:2)
  Geryon (Hell)
  6 golden dragons
  Nikola (Swamp:2)
  6 tentacled monstrosities
  The ghost of Colgate the Convoker, an adept DgAE (Elf:1)
  A deep elf blademaster (Elf:3)
  A shard shrike skeleton (Abyss:2)
  5 quicksilver dragons
  5 titans
  2 searing wretches (Depths:2)
  A lich (Depths:1)
  7 death cobs
  3 sphinxes
  A tentacled starspawn (Abyss:2)
  6 acid blobs
  2 thorn hunters (Swamp:3)
  3 shadow dragons
  2 ancient champions
  6 storm dragons
  5 tengu reavers
  5 rockslimes
  7 fire giants
  5 draconian monks
  Donald (Vaults:2)
  3 azure jellies
  4 revenants
  5 draconian scorchers
  3 emperor scorpions (Spider:4)
  2 iron dragons
  An angel (Abyss:2)
  6 vault wardens
  2 balrugs
  2 deep elf sorcerers
  3 draconian shifters
  4 frost giants
  2 ghouls
  2 draconian stormcallers (Depths:4)
  A reaper (Depths:2)
  11 ironbound preservers
  2 spriggan defenders (Depths:4)
  2 war gargoyles (Vaults:4)
  A cacodemon (Depths:2)
  2 juggernaut skeletons
  11 very ugly things
  8 vampire knights
  2 draconian annihilators
  3 formless jellyfish
  2 ironbound thunderhulks (Vaults:4)
  2 green draconians
  A quicksilver ooze (Slime:4)
  11 stone giants
  6 broodmothers
  3 deep elf demonologists
  9 dire elephants
  Nessos (Lair:2)
  3 black draconians
  6 deep elf annihilators
  4 purple draconians
  3 spark wasps
  A spectral titan (Crypt:3)
  3 bunyips
  6 red draconians
  2 yellow draconians
  4 white draconians
  2 blizzard demons (Depths:2)
  6 ettins
  A deep elf death mage (Elf:3)
  A spectral quicksilver dragon (Crypt:3)
  2 jiangshi (Crypt:3)
  Josephine (D:13)
  11 yaktaur captains
  8 fire dragons
  A deep elf high priest (Vaults:4)
  4 entropy weavers
  6 ice dragons
  A rakshasa (Depths:3)
  The ghost of Morbidden the Destroyer, a journeyman DsCj of Cheibriados (Lair:2)
  13 hydras
  A radroach (Spider:1)
  21 vault guards
  A spriggan air mage (Depths:1)
  5 centaur warriors
  A ghost crab (Swamp:3)
  A hell beast (WizLab)
  7 alligators
  10 great orbs of eyes
  3 peacekeepers
  2 ironbound frosthearts (Vaults:2)
  A death knight (Vaults:2)
  3 deep troll shamans
  3 dancing weapons
  2 jorogumos
  3 boulder beetles
  3 tengu warriors
  4 deep troll earth magi
  2 spectral storm dragons (Crypt:3)
  5 hell hogs (Depths:2)
  3 orc high priests
  A spriggan berserker (Depths:2)
  3 thrashing horrors (Abyss:2)
  8 demonic crawlers
  15 hell knights
  5 sun demons
  A vampire mage (Crypt:3)
  2 shock serpents (Depths:4)
  3 deep elf knights
  A soul eater (Depths:2)
  A skyshark (Lair:3)
  A wretched star (Abyss:2)
  5 iron trolls
  2 sixfirhies
  3 pharaoh ants
  6 goliath frogs
  A sun moth (Spider:4)
  9 skeletal warriors
  2 spark wasp zombies
  A spatial maelstrom (Abyss:2)
  33 deep trolls
  8 swamp dragons
  A spriggan druid (Swamp:3)
  4 glowing orange brains
  3 flayed ghosts
  3 bog bodies
  2 deep elf archers
  4 orb spiders
  12 ironbound convokers
  2 steelbarb worms
  7 lindwurms
  5 phantasmal warriors
  12 wolf spiders
  7 necromancers
  2 arcanists
  A shadow dragon skeleton (Depths:2)
  7 orc knights
  A tengu skeleton (Depths:3)
  3 orc sorcerers
  5 deep elf pyromancers
  4 deep elf zephyrmancers
  18 ugly things
  A will-o-the-wisp (Swamp:1)
  An iron dragon zombie (Crypt:1)
  12 moths of wrath
  A frost giant skeleton (Vaults:4)
  2 cyclopes
  2 large abominations (Abyss:2)
  14 vault sentinels
  3 black mambas
  2 human skeletons
  2 smoke demons
  4 elephants (Lair:1)
  2 orange demons
  3 cane toads
  2 torpor snails
  6 rust devils (Depths:2)
  An eye of devastation (Depths:2)
  A human zombie (Vaults:4)
  An unseen horror (D:12)
  A naga skeleton (Abyss:2)
  12 yaktaurs
  3 rime drakes
  An efreet (Abyss:2)
  8 freezing wraiths
  5 komodo dragons
  2 kobold demonologists
  2 ancient zymes (Abyss:2)
  2 tengu conjurers (Depths:2)
  A polar bear (Lair:2)
  3 ice devils
  4 trolls
  3 tyrant leeches
  A hellwing (Abyss:2)
  4 meliai
  12 tarantellas
  12 hornets
  6 raiju
  A harpy skeleton (Crypt:1)
  14 blink frogs
  6 saltlings (Desolation)
  A moth of wrath zombie (Crypt:1)
  A satyr zombie (Crypt:3)
  2 glass eyes
  6 dream sheep
  A snapping turtle (shapeshifter) (Depths:3)
  14 jumping spiders
  A shadow (D:9)
  28 slime creatures
  5 wraiths
  A ynoxinul (Abyss:2)
  12 culicivoras
  14 spriggans
  4 basilisks
  31 yaks
  2 wyverns
  A basilisk (shapeshifter) (Vaults:5)
  2 golden eyes (Slime:4)
  A starcursed mass (Abyss:2)
  A dire elephant simulacrum (Crypt:3)
  A neqoxec (Abyss:2)
  26 redbacks
  4 vampire mosquitoes (D:12)
  A steam dragon (Lair:5)
  A spatial vortex (Abyss:2)
  4 small abominations (Abyss:2)
  4 wargs
  8 swamp worms
  15 water moccasins
  A hell hound (Lair:5)
  6 orc warriors
  A glowing shapeshifter skeleton (Depths:1)
  6 swamp drakes (Swamp:3)
  An ice beast (D:7)
  3 ogres
  A swamp dragon zombie (Crypt:3)
  14 wolves
  4 bullfrogs
  A howler monkey (D:9)
  3 lava snakes (Lair:5)
  13 orc priests
  2 hounds (D:10)
  3 jellies
  8 orc wizards
  8 hell rats
  A lightning spire (Depths:4)
  A mummy (D:8)
  4 gnolls (D:10)
  An adder zombie (Crypt:1)
  A jelly zombie (Crypt:2)
  9 orcs
  2 kobolds
  A kobold zombie (D:8)
  A fire vortex (Hell)
  A lurking horror (Lair:3)
1044 creatures vanquished.

Vanquished Creatures (others)
  A titan (Vaults:5)
  A frost giant (Vaults:5)
  A deep elf elementalist (Elf:3)
  5 orc warlords
  2 ironbound preservers
  A white draconian (Zot:4)
  14 orc high priests
  A rakshasa (Depths:1)
  A peacekeeper (Vaults:2)
  An ogre mage (Depths:4)
  29 orc priests
  26 orc knights
  A deep elf zephyrmancer (Elf:3)
  A vault sentinel (Vaults:2)
  2 torpor snails (Spider:4)
  2 bloated husks
  20 orc warriors
  17 orc wizards
  A crimson imp (Abyss:2)
  A jelly (Lair:2)
  2 hell rats (Hell)
  A white imp (D:7)
  An ufetubus (D:7)
  43 orcs
  A rat (Vaults:1)
  A hobgoblin zombie (D:8)
  2 ball lightnings (Depths:4)
  2 fire vortices (Hell)
  18 foxfires
  17 starspawn tentacles
216 creatures vanquished.

Grand Total: 2887 creatures vanquished

Notes
Turn   | Place    | Note
-------+----------+-------------------------------------------
     0 | D:1      | Bnni the Hill Orc Monk began the quest for the Orb.
     0 | D:1      | Reached XP level 1. HP: 19/19 MP: 1/1
   153 | D:1      | Reached XP level 2. HP: 27/27 MP: 2/2
   755 | D:2      | Reached skill level 5 in Axes
   771 | D:2      | Reached XP level 3. HP: 33/33 MP: 3/3
  1496 | D:3      | Found a glowing drain.
  1505 | D:3      | Reached XP level 4. HP: 40/41 MP: 4/4
  1521 | Sewer    | Entered a sewer
  1553 | Sewer    | Noticed Pargi
  1603 | Sewer    | Killed Pargi
  1604 | Sewer    | Reached skill level 5 in Fighting
  1604 | Sewer    | Reached XP level 5. HP: 10/48 MP: 5/5
  2266 | D:3      | Found a roughly hewn altar of Beogh.
  2267 | D:3      | Became a worshipper of Beogh the Brigand
  2267 | D:3      | Reached * piety under Beogh
  2267 | D:3      | Reached ** piety under Beogh
  2761 | D:4      | Reached XP level 6. HP: 40/56 MP: 6/6
  2897 | D:4      | Found Hurchuzos's Self-Improvement Boutique.
  2984 | D:4      | Found Ucvun's Self-Published Books.
  3569 | D:4      | Found a hide-covered altar of Uskayaw.
  3582 | D:4      | Found a basalt altar of Yredelemnul.
  3785 | D:4      | Noticed Natasha
  3795 | D:4      | Killed Natasha
  3796 | D:4      | Reached XP level 7. HP: 57/63 MP: 7/7
  3816 | D:4      | Found a staircase to the Ecumenical Temple.
  3829 | D:4      | Noticed Natasha
  3834 | D:4      | Killed Natasha
  3860 | D:5      | Entered Level 5 of the Dungeon
  4252 | D:5      | Reached skill level 10 in Axes
  4252 | D:5      | Reached XP level 8. HP: 68/73 MP: 8/8
  4271 | D:5      | Identified the +4 short sword "Onu Qoilo" {venom, Dex+2}
  4672 | D:5      | Reached *** piety under Beogh
  4923 | D:6      | Noticed Pikel
  4982 | D:5      | Killed Pikel
  4983 | D:5      | Reached skill level 3 in Invocations
  4983 | D:5      | Reached XP level 9. HP: 60/82 MP: 8/11
  5258 | D:6      | You fall into a shaft and drop 1 floor!
  5263 | D:7      | Noticed Duvessa
  5263 | D:7      | Noticed Dowan
  5273 | D:7      | Killed Duvessa
  5277 | D:7      | Killed Dowan
  5446 | D:7      | Reached skill level 4 in Invocations
  5466 | D:7      | Noticed Mindmass's ghost (novice GnCj)
  5556 | D:7      | Found a flagged portal.
  5582 | Bailey   | Entered a bailey
  5600 | Bailey   | Reached skill level 5 in Invocations
  5856 | Bailey   | Noticed a two-headed ogre
  5872 | Bailey   | Killed a two-headed ogre
  5873 | Bailey   | Reached skill level 6 in Invocations
  5873 | Bailey   | Reached XP level 10. HP: 7/93 MP: 6/14
  6233 | Bailey   | Gained Gorg as an ally
  6353 | Bailey   | Reached skill level 10 in Fighting
  7190 | D:7      | Found a runed translucent gate.
  7191 | D:7      | Found a runed translucent gate.
  7192 | D:7      | Found a runed translucent gate.
  7218 | D:7      | Noticed Menkaure
  7224 | D:7      | Killed Menkaure
  7252 | D:7      | Reached skill level 7 in Invocations
  7468 | D:7      | Reached skill level 15 in Axes
  8113 | D:8      | Reached **** piety under Beogh
  8972 | D:8      | Reached skill level 8 in Invocations
  9170 | D:9      | Found a stormy altar of Qazlal.
  9398 | D:9      | Reached XP level 11. HP: 99/102 MP: 17/17
  9551 | D:9      | Noticed Gastronok
  9569 | D:9      | Killed Gastronok
  9570 | D:9      | Reached skill level 9 in Invocations
 10167 | D:9      | Identified the maw talisman of Polish {rElec rF+ rC+ Str-3}
 10296 | D:10     | Identified the "Puhywett"
 10296 | D:10     | Entered Level 10 of the Dungeon
 10478 | D:10     | Noticed a two-headed ogre
 10484 | D:10     | Killed a two-headed ogre
 10686 | D:10     | Identified the +1 robe of Lies {rC+}
 10782 | D:10     | Paralysed by a hornet for 3 turns
 10810 | D:10     | Noticed Urug
 10828 | D:10     | Killed Urug
 10829 | D:10     | Reached skill level 10 in Invocations
 11054 | D:10     | HP: 3/104 [yak (8)]
 11057 | D:10     | Reached ***** piety under Beogh
 11339 | D:10     | Found a staircase to the Lair.
 11661 | D:11     | Found a staircase to the Orcish Mines.
 11667 | D:11     | Noticed a cyclops
 11677 | D:11     | Reached XP level 12. HP: 64/113 MP: 17/19
 11679 | D:11     | Reached skill level 1 in Armour
 11813 | D:11     | Identified the +4 war axe of Resourcefulness {elec, rElec}
 11880 | D:11     | Gained Ugbert as an ally
 12285 | D:11     | Found a stormy altar of Qazlal.
 12431 | D:11     | Gained Bogward as an ally
 12844 | D:11     | Found Tinwu's Antique Armour Boutique.
 13216 | D:12     | Reached skill level 11 in Invocations
 13316 | D:12     | Noticed a sun demon
 13320 | D:12     | Your ally Ugbert died
 13334 | D:12     | Reached skill level 1 in Shields
 13605 | D:12     | Noticed a soul eater
 13963 | D:12     | Found Tuup Kio's Magic Scroll Shoppe.
 14199 | D:12     | Noticed a two-headed ogre
 14204 | D:12     | Killed a two-headed ogre
 14642 | D:13     | Noticed a centaur warrior
 14648 | D:13     | Killed a centaur warrior
 14936 | D:12     | Reached skill level 12 in Invocations
 15059 | D:13     | Noticed a centaur warrior
 15067 | D:13     | Killed a centaur warrior
 15068 | D:13     | Reached skill level 5 in Armour
 15194 | D:13     | Noticed a five-headed hydra
 15202 | D:13     | Killed an eight-headed hydra
 15582 | D:13     | Noticed a tengu warrior
 15593 | D:13     | Killed a tengu warrior
 15659 | D:13     | Reached skill level 5 in Shields
 15660 | D:13     | Reached XP level 13. HP: 103/123 MP: 20/22
 15692 | D:13     | Noticed Josephine
 15703 | D:13     | Killed Josephine
 16003 | D:13     | Found a gate to the Vaults.
 16259 | Lair:1   | Entered Level 1 of the Lair of Beasts
 16438 | Lair:1   | Reached skill level 13 in Invocations
 17507 | D:4      | Bought a manual of Throwing for 960 gold pieces
 17680 | Lair:2   | Found a runed translucent gate.
 17680 | Lair:2   | Found a runed translucent gate.
 17680 | Lair:2   | Found a runed translucent gate.
 17681 | Lair:2   | Found a viscous altar of Jiyva.
 17681 | Lair:2   | Noticed Morbidden's ghost (journeyman DsCj)
 18062 | Lair:2   | Reached skill level 1 in Throwing
 18427 | Lair:2   | Killed Morbidden's ghost
 18427 | Lair:2   | Gained Bogrim as an ally
 18678 | Lair:3   | Noticed Nessos
 18891 | Lair:2   | Killed Nessos
 19194 | Lair:2   | Reached ****** piety under Beogh
 19295 | Orc:1    | Entered Level 1 of the Orcish Mines
 19367 | Orc:1    | Found a dark tunnel.
 19463 | Orc:1    | You fall into a shaft and drop 1 floor!
 19463 | Orc:2    | Entered Level 2 of the Orcish Mines
 19473 | Orc:2    | Gained Bolgrim as an ally
 19475 | Orc:2    | Your ally Bolgrim died
 19539 | Orc:2    | Gained Argrim as an ally
 19544 | Orc:2    | Gained Olfrun as an ally
 19547 | Orc:2    | Found a staircase to the Elven Halls.
 19596 | Volcano  | Entered a volcano
 19821 | Volcano  | Found a bloodstained altar of Trog.
 19855 | Volcano  | Noticed a stone giant
 19873 | Volcano  | Killed a stone giant
 19874 | Volcano  | Reached XP level 14. HP: 47/133 MP: 24/24
 20265 | Orc:1    | Found Qugubim's Book Shop.
 20569 | Orc:2    | Gained Gorbash as an ally
 20591 | Orc:2    | Found Larir's General Store.
 20591 | Orc:2    | Found Viwots's Magic Scroll Emporium.
 20594 | Orc:2    | Found Dontos's Assorted Antiques.
 20599 | Orc:2    | Found Qanop's Magic Scroll Shoppe.
 20604 | Orc:2    | Gained Orbeogh as an ally
 20612 | Orc:2    | Bought a scroll of fog for 48 gold pieces
 20612 | Orc:2    | Bought a scroll of identify for 24 gold pieces
 20612 | Orc:2    | Bought a scroll of immolation for 48 gold pieces
 20615 | Orc:2    | Bought a scroll of fear for 56 gold pieces
 20616 | Orc:2    | Bought a scroll of identify for 28 gold pieces
 20616 | Orc:2    | Bought a scroll of identify for 28 gold pieces
 21391 | Lair:3   | Found a corrupted altar of Lugonu.
 21403 | Lair:3   | Found a one-way gate to the infinite horrors of the Abyss.
 21420 | Lair:3   | Reached skill level 14 in Invocations
 21569 | Lair:3   | Reached skill level 15 in Fighting
 21569 | Lair:3   | Reached skill level 5 in Throwing
 21753 | Lair:3   | Found a staircase to the Swamp.
 21896 | Lair:3   | Found a hole to the Spider Nest.
 22219 | Lair:4   | Your ally Orbeogh died
 22236 | Lair:4   | Gained Ogrik as an ally
 22242 | Lair:4   | Found a staircase to the Slime Pits.
 22892 | Lair:5   | Entered Level 5 of the Lair of Beasts
 23160 | Orc:2    | Bought a scroll of enchant weapon for 105 gold pieces
 23160 | Orc:2    | Bought a scroll of enchant weapon for 105 gold pieces
 23161 | Orc:2    | Bought a scroll of enchant weapon for 262 gold pieces
 23167 | Orc:2    | Bought a phial of floods for 480 gold pieces
 23495 | Lair:5   | Reached skill level 10 in Shields
 23676 | Lair:5   | Identified the ring "Mucan" {rF+ EV+5 Str+3 Dex+3}
 24143 | Lair:5   | Found a large runed translucent door.
 24145 | Lair:5   | Found a large runed translucent door.
 24231 | Lair:5   | Learned a level 1 spell: Apportation
 24853 | D:14     | Found Hegh's Magic Scroll Shop.
 24861 | D:14     | Identified the amulet "Tucics" {Regen+ Dex+3}
 25274 | D:15     | Entered Level 15 of the Dungeon
 25422 | D:14     | Reached XP level 15. HP: 141/141 MP: 26/26
 25602 | D:15     | Your ally Argrim died
 25624 | D:15     | Found a staircase to the Depths.
 25835 | D:15     | Reached skill level 15 in Invocations
 26499 | Spider:1 | Entered Level 1 of the Spider Nest
 26531 | Spider:1 | Upgraded the game from 0.31-a0-963-ga325b2283a to
                  | 0.31-a0-968-g24f9ace8b5
 27192 | Spider:1 | Identified the +7 orcbow "Apeqoel" {heavy, Fly rElec rPois
                  | rF- Int+2}
 27608 | Spider:1 | Reached skill level 10 in Armour
 28652 | Spider:2 | Your ally Bogward died
 28656 | Spider:2 | Your ally Gorbash died
 28700 | Spider:2 | Gained Olfik as an ally
 29792 | Spider:2 | Reached skill level 16 in Invocations
 29866 | Spider:2 | Reached XP level 16. HP: 152/152 MP: 28/28
 30017 | Spider:3 | Reached skill level 10 in Throwing
 30501 | Spider:4 | Entered Level 4 of the Spider Nest
 30501 | Spider:4 | Identified the serpent talisman of the Known World {SInv}
 30501 | Spider:4 | Noticed Aizul
 30508 | Spider:4 | Killed Aizul
 30783 | Spider:4 | Your ally Argrim died
 31505 | Spider:4 | Your ally Olfik died
 31996 | Spider:4 | Got a gossamer rune of Zot
 32517 | Swamp:1  | Entered Level 1 of the Swamp
 32517 | Swamp:1  | Noticed Louise
 32542 | Lair:3   | Killed Louise
 32543 | Lair:3   | Reached skill level 17 in Invocations
 32960 | Swamp:1  | Noticed a fenstrider witch
 32969 | Swamp:1  | Killed a fenstrider witch
 33174 | Swamp:1  | Reached XP level 17. HP: 152/162 MP: 29/29
 34803 | Swamp:2  | Upgraded the game from 0.31-a0-968-g24f9ace8b5 to
                  | 0.31-a0-971-g75a2e9a4b4
 34805 | Swamp:3  | Identified the "Umistyo"
 34892 | Swamp:3  | Identified the +0 pair of gloves "Timicsys" {Harm rN+
                  | Slay+6}
 34892 | Swamp:3  | Noticed Nikola
 34931 | Swamp:2  | Killed Nikola
 35464 | Swamp:4  | Entered Level 4 of the Swamp
 35531 | Swamp:4  | Identified the +3 leather armour of the Slug {rN++}
 36260 | Swamp:4  | Got a decaying rune of Zot
 36951 | Swamp:3  | Gained Bogfrid as an ally
 37744 | Vaults:1 | Entered Level 1 of the Vaults
 37992 | Vaults:1 | Reached skill level 18 in Invocations
 38343 | Vaults:1 | Reached XP level 18. HP: 172/172 MP: 31/31
 38346 | Vaults:1 | Your ally Gorg died
 38362 | Vaults:1 | Reached skill level 15 in Shields
 38889 | Vaults:1 | Found Yptarghat's Magic Scroll Shop.
 38897 | Vaults:1 | Bought a scroll of revelation for 135 gold pieces
 39216 | D:4      | Bought a manual of Dodging for 960 gold pieces
 39679 | Vaults:1 | Identified the +0 chain mail "Taepucan" {Str+3 Slay+2}
 39724 | Vaults:1 | Found a runed translucent gate.
 39724 | Vaults:1 | Found a runed translucent gate.
 39724 | Vaults:1 | Found a runed translucent gate.
 39724 | Vaults:1 | Noticed deprived's ghost (veteran HOFi)
 39727 | Vaults:1 | Found a roughly hewn altar of Beogh.
 40044 | Vaults:1 | Gained Zorug as an ally
 40049 | Vaults:1 | Killed deprived's ghost
 40068 | Vaults:1 | Identified the ring of Idealism {rN+ AC+4 Dex+3}
 40114 | Vaults:2 | Identified the "Eweikk"
 40114 | Vaults:2 | Identified the of Ciyplefe
 40114 | Desolati | Identified the "Nuffex"
 40114 | Desolati | Identified the "Dauhocs"
 40181 | Vaults:2 | Found a crumbling gateway.
 40200 | Desolati | Entered the Desolation of Salt
 40207 | Desolati | Reached skill level 5 in Dodging
 40384 | Desolati | Gained Ugrim as an ally
 40446 | Desolati | Identified the +3 chain mail of Misanthropy {SInv}
 40450 | Desolati | Your ally Ugrim died
 40458 | Desolati | Gained Orkwin as an ally
 40472 | Desolati | Identified the +4 scimitar of the Charming Coward {elec,
                  | Int+2}
 40734 | Desolati | Your ally Orkwin died
 40742 | Desolati | Gained Norbak as an ally
 40788 | Desolati | Identified the ring of Tezoad {rPois Str+6 SInv}
 40965 | Desolati | Identified the +6 shortbow "Plog" {freeze, Contam rF++
                  | rC+++}
 40975 | Desolati | Identified the amulet of the Princess {Acrobat Stlth+}
 41378 | Vaults:2 | Noticed Zenata
 41390 | Vaults:2 | Noticed a lich
 41398 | Vaults:2 | Killed Zenata
 41399 | Vaults:2 | Noticed Bai Suzhen
 41405 | Vaults:2 | Your ally Bogfrid died
 41408 | Vaults:2 | Your ally Ogrik died
 41428 | Vaults:2 | Your ally Olfrun died
 41439 | Vaults:2 | Reached XP level 19. HP: 96/182 MP: 22/32
 41521 | Vaults:1 | Reached skill level 19 in Invocations
 41713 | Vaults:2 | Gained Marbork as an ally
 41798 | Vaults:2 | Gained Olfik as an ally
 41812 | Vaults:2 | Gained Zorug as an ally
 42114 | Vaults:2 | Killed Bai Suzhen
 42332 | Vaults:2 | Gained Harm as an ally
 42346 | Vaults:2 | Your ally Zorug died
 42362 | Vaults:2 | Your ally Harm died
 42377 | Vaults:2 | Reached skill level 10 in Dodging
 42737 | Vaults:2 | Noticed Donald
 42765 | Vaults:2 | Killed Donald
 42788 | Vaults:2 | Upgraded the game from 0.31-a0-971-g75a2e9a4b4 to
                  | 0.31-a0-1009-g454b1f1e0a
 42849 | Vaults:1 | Bought a scroll of enchant armour for 135 gold pieces
 42886 | Vaults:1 | Learned a level 2 spell: Blink
 42891 | Vaults:1 | Learned a level 4 spell: Manifold Assault
 42959 | Vaults:2 | Gained Bogmar as an ally
 43047 | Vaults:2 | Found a staircase to the Crypt.
 43047 | Vaults:2 | Paralysed by a vampire knight for 4 turns
 43059 | Vaults:2 | Your ally Orbeogh died
 44389 | Vaults:3 | Reached XP level 20. HP: 164/193 MP: 33/33
 44434 | Vaults:3 | Your ally Zorug died
 45416 | Vaults:4 | Reached skill level 15 in Armour
 45430 | Vaults:4 | Reached skill level 20 in Invocations
 45669 | Vaults:4 | Noticed Boris
 45680 | Vaults:4 | Killed Boris
 47000 | D:12     | Bought a scroll of enchant armour for 112 gold pieces
 47109 | Vaults:5 | Identified the "Modeun"
 47109 | Vaults:5 | Identified the of Bitypn
 47109 | Crypt:3  | Identified the "Sovixkyr"
 47109 | Depths:1 | Entered Level 1 of the Depths
 47422 | Depths:1 | Found a one-way gate leading to the halls of Pandemonium.
 48046 | Depths:1 | Found Xyagg's Serpentskin Sales.
 48378 | Depths:1 | Found a gateway to Hell.
 48380 | Depths:1 | Reached XP level 21. HP: 142/202 MP: 35/35
 48383 | Depths:1 | Your ally Orbeogh died
 48384 | Depths:1 | Your ally Bogmar died
 48926 | Depths:1 | Reached skill level 15 in Throwing
 49030 | Depths:2 | Paralysed by a vampire knight for 5 turns
 49080 | Depths:2 | Found Quqierrem's Distillery.
 49140 | Depths:2 | Found a one-way gateway to a ziggurat.
 49523 | Depths:2 | Gained Morguth as an ally
 49642 | Depths:2 | Your ally Zorug died
 49795 | Depths:2 | Reached skill level 21 in Invocations
 49826 | Depths:2 | Noticed a caustic shrike
 49828 | Depths:2 | Noticed a caustic shrike
 49829 | Depths:2 | Gained Olfrun as an ally
 49829 | Depths:2 | Noticed a caustic shrike
 49829 | Depths:2 | Killed a caustic shrike
 49832 | Depths:2 | Killed a caustic shrike
 49833 | Depths:2 | Killed a caustic shrike
 49840 | Depths:2 | Noticed a caustic shrike
 49840 | Depths:2 | Noticed a caustic shrike
 49841 | Depths:2 | Your ally Olfrun died
 49842 | Depths:2 | Killed a caustic shrike
 49844 | Depths:2 | Killed a caustic shrike
 49846 | Depths:2 | Noticed a golden dragon
 49852 | Depths:2 | Your ally Morguth died
 49855 | Depths:2 | Killed a golden dragon
 49999 | Depths:2 | Identified the +7 shortbow of Frustration {drain, rElec
                  | rF+}
 50306 | Depths:2 | Found the +8 Wrath of Trog {antimagic, *Rage Rampage}
 50318 | Depths:2 | Identified the +0 ring mail of the Lusting Gods {Regen+
                  | rCorr Str+3 Dex-2}
 50572 | Depths:2 | Upgraded the game from 0.31-a0-1009-g454b1f1e0a to
                  | 0.31-a0-1036-g31867e143a
 50579 | WizLab   | Identified the of Udowa
 50655 | Depths:3 | Found a magical portal.
 50667 | WizLab   | Entered The Hall of the Hellbinder
 50692 | WizLab   | Identified a scroll of acquirement
 50757 | WizLab   | Reached XP level 22. HP: 159/213 MP: 36/36
 50852 | WizLab   | Gained Orkrul as an ally
 50853 | WizLab   | Gained Bogbrand as an ally
 51341 | WizLab   | Found a burning altar of Makhleb.
 51341 | WizLab   | Noticed Paxzohitz
 51348 | WizLab   | Killed Paxzohitz the Hellbinder
 51391 | WizLab   | Identified the ring of Rahux Deu {rC+ Str+2}
 51595 | Depths:3 | Acquired the +1 pair of gloves of Rationality {rC+ Stlth+}
 51631 | Depths:3 | Noticed Boris
 51636 | Depths:3 | Your ally Orkrul died
 51660 | Depths:3 | Killed Boris
 51863 | Depths:3 | Identified the +6 war axe "Ysuekil" {venom, Fragile rPois
                  | SInv Stlth-}
 52364 | Depths:3 | Noticed a golden dragon
 52416 | Depths:3 | Reached skill level 15 in Dodging
 52417 | Depths:3 | Killed a golden dragon
 52546 | Depths:4 | Identified the "Quibulef"
 52546 | Depths:4 | Entered Level 4 of the Depths
 52737 | Depths:3 | Your ally Orkrul died
 52793 | Depths:4 | Noticed Frederick
 52802 | Depths:4 | Killed Frederick
 52984 | Depths:4 | Your ally Orkrul died
 53131 | Depths:4 | Noticed Xtahua
 53137 | Depths:4 | Killed Xtahua
 53280 | Depths:4 | Your ally Bogmar died
 53861 | Depths:4 | Reached skill level 22 in Invocations
 53874 | Depths:4 | Found a gate to the Realm of Zot.
 54212 | Depths:4 | Paralysed by an air elemental for 1 turns
 54216 | Depths:4 | Paralysed by an air elemental for 1 turns
 54232 | Depths:4 | Paralysed by something for 4 turns
 54638 | Depths:4 | Voluntarily entered the Abyss.
 54669 | Abyss:2  | Found a corrupted altar of Lugonu.
 54689 | Abyss:2  | Gained Marbork as an ally
 54809 | Abyss:2  | Your ally Marbork died
 54832 | Abyss:2  | Reached skill level 1 in Translocations
 54872 | Abyss:2  | Reached XP level 23. HP: 223/223 MP: 38/38
 54971 | Abyss:2  | Found a corrupted altar of Lugonu.
 54981 | Abyss:2  | Gained Bogbrand as an ally
 54981 | Abyss:2  | Gained Norbak as an ally
 55003 | Abyss:2  | Found a corrupted altar of Lugonu.
 55009 | Abyss:2  | Found a corrupted altar of Lugonu.
 55082 | Abyss:2  | Your ally Bogbrand died
 55104 | Abyss:2  | Found a corrupted altar of Lugonu.
 55106 | Abyss:2  | Found a corrupted altar of Lugonu.
 55106 | Abyss:2  | Found a corrupted altar of Lugonu.
 55115 | Abyss:2  | Gained mutation: You sometimes lose your temper in combat.
                  | [a neqoxec]
 55139 | Abyss:2  | Found a corrupted altar of Lugonu.
 55164 | Abyss:2  | Lost mutation: You sometimes lose your temper in combat.
                  | [potion of mutation]
 55164 | Abyss:2  | Gained mutation: Your system is resistant to poisons.
                  | (rPois) [potion of mutation]
 55164 | Abyss:2  | Gained mutation: You have a pair of small antennae on your
                  | head. [potion of mutation]
 55164 | Abyss:2  | Gained mutation: Your magical capacity is low. (-10% MP)
                  | [potion of mutation]
 55164 | Abyss:2  | Gained mutation: You are agile. (Dex +4, Str/Int -1)
                  | [potion of mutation]
 55523 | Abyss:3  | Got an abyssal rune of Zot
 55556 | Depths:4 | Escaped the Abyss
 55570 | Depths:4 | Voluntarily entered the Abyss.
 55570 | Abyss:3  | Found a corrupted altar of Lugonu.
 55573 | Abyss:3  | Found a corrupted altar of Lugonu.
 55619 | Abyss:3  | Found a corrupted altar of Lugonu.
 55665 | Abyss:3  | Found a corrupted altar of Lugonu.
 55688 | Depths:4 | Escaped the Abyss
 56203 | Elf:1    | Identified the "Vonlarr"
 56203 | Slime:1  | Entered Level 1 of the Pits of Slime
 56743 | Slime:5  | Identified the "Veofiq"
 56743 | Slime:5  | Identified the "Iloirer"
 56743 | Slime:5  | Entered Level 5 of the Pits of Slime
 56905 | Slime:5  | Noticed the Royal Jelly
 56920 | Slime:5  | Killed the Royal Jelly
 57003 | Slime:5  | Found the +3 robe of Clouds {*Thunder rCloud rElec}
 57004 | Slime:5  | Found the Hermit's Pendant {Faith Invo=14 Evo=0 MP+5}
 57005 | Slime:5  | Found the +10 tower shield of Ignorance {rN+ Int-4}
 57036 | Slime:5  | Found the amulet of the Air {Inacc Air Fly rElec RMsl}
 57075 | Slime:5  | Identified the +8 battleaxe of Propriety {heavy, Drain
                  | Str+3 Dex+3}
 57077 | Slime:5  | Identified the +4 rapier of Noesasu {protect, rElec rPois
                  | Int-2 Stlth+}
 57104 | Slime:5  | Identified the +3 ring mail of the Enchanted Forest {Harm
                  | Dex+6 Slay-4}
 57126 | Slime:5  | Got a slimy rune of Zot
 57193 | Slime:5  | Reached skill level 5 in Translocations
 57732 | Slime:3  | Lost mutation: You are agile. (Dex +4, Str/Int -1) [a
                  | shining eye]
 58170 | Elf:1    | Entered Level 1 of the Elven Halls
 58402 | Elf:1    | Found a runed translucent gate.
 58402 | Elf:1    | Found a runed translucent gate.
 58402 | Elf:1    | Found a runed translucent gate.
 58408 | Elf:1    | Noticed Colgate's ghost (adept DgAE)
 59621 | Elf:1    | Killed Colgate's ghost
 59709 | Elf:2    | Identified the of Lethron (You acquired it on level 2 of
                  | the Elven Halls)
 59709 | Elf:2    | Acquired Bnni's Commentary on the Vexing Mortuary
 59714 | Elf:2    | Learned a level 2 spell: Sublimation of Blood
 59719 | Elf:2    | Learned a level 4 spell: Dimensional Bullseye
 59871 | Elf:1    | Found a radiant altar of Vehumet.
 60188 | Elf:2    | Noticed Jorgrun
 60195 | Elf:2    | Killed Jorgrun
 60196 | Elf:2    | Reached XP level 24. HP: 211/233 MP: 33/34
 60243 | Elf:2    | Upgraded the game from 0.31-a0-1036-g31867e143a to
                  | 0.31-a0-1057-g70f3316b05
 60299 | Elf:2    | Found Nouph's Weapon Boutique.
 60301 | Elf:2    | Found Uvuud's Book Shop.
 60303 | Elf:2    | Found Egoc's Distillery.
 60327 | Elf:2    | Bought a potion of heal wounds for 55 gold pieces
 60327 | Elf:2    | Bought a potion of heal wounds for 55 gold pieces
 60327 | Elf:2    | Bought a potion of heal wounds for 55 gold pieces
 60327 | Elf:2    | Bought 2 potions of curing for 66 gold pieces
 60327 | Elf:2    | Bought a potion of heal wounds for 55 gold pieces
 60411 | Elf:2    | Found a runed translucent gate.
 60411 | Elf:2    | Found a runed translucent gate.
 60411 | Elf:2    | Found a runed translucent gate.
 60483 | Elf:2    | Found a portal to a secret trove of treasure.
 60667 | Elf:2    | You paid a toll of 4 scrolls of blinking to enter a
                  | treasure trove
 60668 | Trove    | Entered a treasure trove
 60671 | Trove    | Found the +8 mithril axe "Arga" {speed, Will+}
 60676 | Trove    | Identified the +1 orcbow of Ashenzari's Reproof {heavy,
                  | Contam Will+ Int+3 Dex+5}
 60680 | Trove    | Identified the +4 falchion "Tucab" {vamp, rPois Dex+5
                  | Stlth-}
 60681 | Trove    | Identified the +7 broad axe "Thing" {heavy, rElec Int-3
                  | Stlth+}
 60688 | Trove    | Identified the +1 morningstar of Evolution {venom, rF+ rN+
                  | rCorr MP+9}
 60884 | Elf:2    | Gained Hawl as an ally
 60908 | Elf:2    | Gained Orkrul as an ally
 61202 | Elf:3    | Entered Level 3 of the Elven Halls
 61728 | Elf:3    | Reached skill level 23 in Invocations
 62332 | Elf:3    | Identified the +7 chain mail "Goydoraa" {Rampage +Blink
                  | rPois}
 62416 | Elf:3    | Identified the ring "Qacos" {rElec Will+ Dex+6}
 62449 | Elf:3    | Identified the ring of Life {rC+ rN+ Dex+4}
 62652 | Elf:3    | Identified the +10 chain mail "Jairaph" {rCorr}
 62756 | Elf:3    | Your ally Hawl died
 62762 | Elf:3    | Identified the ring of Cuaqyp {rF+ EV+5 Dex+4}
 63157 | Elf:3    | Identified the +0 ring mail of a sewer {rF+ rCorr Int+2
                  | Slay+2}
 63259 | Elf:2    | Bought a book of Changes for 270 gold pieces
 63259 | Elf:2    | Bought Great Wizards, Vol. VII for 450 gold pieces
 63488 | D:4      | Bought the Quarto of Weird Science for 1144 gold pieces
 63493 | D:4      | Learned a level 4 spell: Passage of Golubria
 63498 | D:4      | Learned a level 4 spell: Vhi's Electric Charge
 63501 | D:4      | Learned a level 2 spell: Wereblood
 63785 | Crypt:1  | Entered Level 1 of the Crypt
 64768 | Crypt:1  | Gained Boruk as an ally
 66025 | Crypt:2  | Your ally Boruk died
 66050 | Crypt:2  | Your ally Orkrul died
 66474 | Crypt:3  | Entered Level 3 of the Crypt
 66664 | Crypt:3  | Reached XP level 25. HP: 243/243 MP: 34/34
 66697 | Crypt:3  | Gained Boruk as an ally
 68075 | Crypt:3  | Gained Bogwik as an ally
 68110 | Crypt:3  | Gained Worak as an ally
 68471 | Crypt:3  | Found a staircase to the Tomb.
 68482 | Crypt:3  | Gained Ugrim as an ally
 69430 | Crypt:3  | Noticed an ancient lich
 69446 | Crypt:3  | Killed an ancient lich
 69869 | Crypt:3  | Identified the ring "Duffanku" {rPois rC+ rN+ Str-5 Dex+3}
 69869 | Crypt:3  | Identified the ring of Ocu Xea {rC- rN+ Int+6 Dex+4}
 69869 | Crypt:3  | Identified the ring "Ovigerok" {rN+ Int+3}
 70969 | Hell     | Entered the Vestibule of Hell
 70969 | Hell     | Noticed Geryon
 71693 | Hell     | Killed Geryon
 71743 | Hell     | Found a gateway to the ashen valley of Gehenna.
 71793 | Hell     | Found a gateway to the Iron City of Dis.
 71958 | Hell     | Found a gateway to the decaying netherworld of Tartarus.
 72242 | Hell     | Found a gateway to the freezing wastes of Cocytus.
 72253 | Hell     | Your ally Ugrim died
 72886 | Vaults:5 | Entered Level 5 of the Vaults
 73189 | Vaults:5 | Noticed a dread lich
 73258 | Vaults:4 | Killed a dread lich
 73406 | Vaults:4 | Reached XP level 26. HP: 238/251 MP: 35/35
 73512 | Vaults:5 | Identified the +0 falchion of Dishonour {freeze, rCorr SInv
                  | Stlth+}
 73515 | Vaults:4 | Reached skill level 24 in Invocations
 73535 | Vaults:5 | Reached skill level 10 in Translocations
 73638 | Vaults:5 | Identified the +6 great mace of Theory {heavy, rPois Str-3
                  | Int+8}
 73724 | Vaults:5 | Identified the +4 halberd of Pekoesta {pain, rPois rC+
                  | Int+3}
 74047 | Vaults:5 | Got a silver rune of Zot
 74070 | Vaults:5 | Identified the +2 long sword "Robuwum" {flame, Drain rPois
                  | Int+3 Dex+9}
 74641 | Vaults:5 | Identified the +5 spear "Hill Orc's Peril" {heavy, Will+
                  | rCorr Str+5}
 74721 | Vaults:5 | Acquired the +2 pair of gloves of Infinity {Fly rF+ Regen+
                  | Str+2}
 75458 | Zot:1    | Entered Level 1 of the Realm of Zot
 75928 | Zot:1    | Found an iron altar of Okawaru.
 75930 | Zot:1    | Found a burning altar of Makhleb.
 75950 | Zot:1    | Found a shimmering blue altar of Sif Muna.
 75955 | Zot:1    | Found a shimmering altar of Xom.
 75967 | Zot:1    | Gained Beowulf as an ally
 77146 | Zot:1    | Gained Zartorak as an ally
 78821 | Zot:2    | Noticed an orb of fire
 78824 | Zot:2    | Noticed an orb of fire
 78825 | Zot:2    | Your ally Beowulf died
 78830 | Zot:2    | Killed an orb of fire
 78830 | Zot:2    | Gained mutation: You sometimes lose your temper in combat.
                  | [an orb of fire]
 78831 | Zot:2    | Reached XP level 27. HP: 216/261 MP: 32/35
 78835 | Zot:2    | Killed an orb of fire
 78957 | Zot:2    | Found a faded altar of an unknown god.
 79317 | Zot:2    | Lost mutation: You sometimes lose your temper in combat.
                  | [potion of mutation]
 79317 | Zot:2    | Lost mutation: Your magical capacity is low. (-10% MP)
                  | [potion of mutation]
 79317 | Zot:2    | Gained mutation: You are robust. (+10% HP) [potion of
                  | mutation]
 79317 | Zot:2    | Gained mutation: You are somewhat resistant to further
                  | mutation. [potion of mutation]
 79770 | Zot:3    | Learned a level 2 spell: Lesser Beckoning
 79851 | Zot:3    | Gained Morguth as an ally
 80002 | Zot:3    | Your ally Morguth died
 80033 | Zot:3    | Reached skill level 1 in Air Magic
 80033 | Zot:3    | Your ally Morguth died
 80439 | Zot:3    | Reached skill level 25 in Invocations
 80475 | Zot:3    | Identified the +6 long sword of Fatucepu {flame, rC+ rN+
                  | rCorr}
 80824 | Zot:4    | Your ally Marbork died
 80827 | Zot:4    | Killed from afar by a black draconian knight

Illustrated notes

Levels and vault maps discovered:
D:1:      erik_arrival_orb_chamber, layout_basic
D:2:      layout_rooms, minmay_close_crescents
D:3:      layout_basic, gup_sewer_entry_pipe, kennysheep_orc_chapel
D:4:      layout_cave_pools, mainiacjoe_overflow_big_doors,
          minmay_temple_entry_statues, nicolae_custom_books,
          nicolae_shop_self_help, uniq_natasha
D:5:      layout_loops_ring, chequers_decorated_corner, minmay_fire_ice_demons
D:6:      layout_basic, minmay_holes, uniq_pikel
D:7:      cheibrodos_fertilizer, layout_loops_ring, enter_bailey_6,
          gammafunk_ghost_split, uniq_menkaure, uniq_duvessa
D:8:      layout_gridville, minmay_mini_ossuary
D:9:      layout_stronghold, mainiacjoe_overflow_boulevard,
          minmay_misc_feat_plants, uniq_gastronok
D:10:     layout_roguey, erik_lair_island, uniq_urug
D:11:     layout_cave_pods, david_orc_3, serial_shops, shop,
          nicolae_qazlal_scattered_showers
D:12:     layout_stronghold, serial_shops, shop, chequers_serial_rivers_micro_a
D:13:     layout_long_grid, david_vaults_4, uniq_josephine
D:14:     layout_basic, minmay_fountain_box, serial_shops, shop
D:15:     grunt_enter_depths_hoard, layout_basic, grunt_decor_junction
Lair:1:   layout_gridlike
Lair:2:   layout_small_grid, gammafunk_ghost_ooze
Lair:3:   layout_hall_layers, palyth_hydra_swamp_entry, spider_nest_entry_webs,
          eino_small_chamber_without_monster,
          eino_small_chamber_without_monster, amcnicky_altar_lugonu_corruption,
          uniq_nessos
Lair:4:   layout_roguey, slime_entry_1, serial_bayou_pond_a
Lair:5:   cheibrodos_lair_end_hotspot, layout_regular_city,
          grunt_forest_large_clearings
Swamp:1:  nicolae_swamp_standing_stones, layout_basic_swamp,
          nicolae_swamp_feature_on_the_river_bank, infiniplex_staircase_pool_2,
          uniq_louise
Swamp:2:  layout_basic_swamp, hangedman_swamp_cone, swamp_pool4
Swamp:3:  layout_basic_swamp, evilmike_swamp_ruin_house_2, uniq_nikola
Swamp:4:  swamp_alternative, layout_basic_swamp, nicolae_swamp_wisp_ring_woods
Spider:1: layout_spider_delve
Spider:2: layout_chambers, hangedman_spider_tarantella_strand
Spider:3: layout_spider_delve, nicolae_looking_at_the_future
Spider:4: hellmonk_spider_rune_endless_swarm, uniq_aizul
Slime:1:  layout_caves
Slime:2:  layout_caves
Slime:3:  layout_caves
Slime:4:  layout_caves
Slime:5:  slime_pit
Orc:1:    layout_diamond_mine, serial_shops, nicolae_shop_pleasant_corner_grove,
          enter_volcano_2, lightli_orcish_oven
Orc:2:    st_orc_mages, layout_caves
Elf:1:    elf_arrival_002, layout_loops_corners, ebering_ghost_rock_garden,
          minmay_elf_annihilation, kilobyte_rumbling_trees,
          lemuel_upstairs_altar
Elf:2:    nicolae_elf_blades_crystal_corner, layout_gridlike,
          nicolae_trove_entry_columns, minmay_shop_star, uniq_jorgrun
Elf:3:    minmay_elf_hall_spiked, layout_geoelf_octagon
Vaults:1: biasface_ghost_orc_armoury, ontoclasm_vaults_ring_small,
          vaults_dpeg_spiral, nicolae_vaults_shrinking_rooms_2,
          ontoclasm_vaults_shout, nicolae_vaults_storage_closets_3,
          nicolae_vaults_hallways_thing, ontoclasm_vaults_eye,
          nicolae_vaults_trapezoid_lopsided_3, v_misc_15,
          nicolae_vaults_mini_display_case, nicolae_vaults_twisting_passages,
          vaults_standard_mumra_enter_the_diamond, layout_vaults_maze_bifur,
          serial_shops, shop
Vaults:2: portal_desolation_entry_twin_temple, nicolae_vaults_library_corner,
          nicolae_vaults_hexular_roomagon, minmay_crypt_entry_simple_round,
          v_misc_28, v_rooms_4, grunt_vaults_hallway_short,
          nicolae_vaults_closet_pinwheel_4, nicolae_vaults_sightless_eye,
          nicolae_vaults_ring_of_whatevers, v_misc_26,
          nicolae_vaults_wine_cellar, nicolae_vaults_storage_room_glass,
          layout_vaults_big_room, uniq_donald, uniq_zenata, uniq_bai_suzhen
Vaults:3: ontoclasm_vaults_chip, nicolae_vaults_diamond_2, grunt_vaults_twisty,
          v_misc_17, nicolae_vaults_wrenched, v_misc_10,
          nicolae_vaults_asterisk, v_misc_1, nicolae_vaults_storage_closets_1,
          v_misc_23, nicolae_vaults_two_Ls, layout_vaults_omnigrid
Vaults:4: v_pattern_3, vaults_room_stairs_pillars, nicolae_vaults_circle_grid_b,
          v_misc_28, nicolae_vaults_trapezoid_1, ontoclasm_vaults_spin,
          hangedman_vaults_unwind, hangedman_vaults_stream,
          ontoclasm_vaults_gateway, vaults_room_door_hall, layout_vaults_ring,
          uniq_boris
Vaults:5
Crypt:1:  layout_gridlike, grunt_megastairs_4
Crypt:2:  layout_regular_city
Crypt:3:  due_elkab, layout_chaotic_city
Depths:1: layout_cave_shapes, hellmouth_3, pan_entry, solitary_fountain,
          minmay_misc_feat_four_crosses, minmay_crystal_room,
          minmay_misc_feat_iff, minmay_tree_intersection, guppyfry_shop_venom
Depths:2: grunt_twisty_corner, layout_gridville, enter_ziggurat_d,
          minmay_misc_feat_columns, hell_entry, rand_demon_pan_entry_1,
          nicolae_stop_n_shop_2, infiniplex_staircase_pool_1,
          serial_bayou_shore_a, uniq_josephina
Depths:3: nooodl_glass_maze, layout_gridlike, hangedman_geh_valley,
          infiniplex_enter_wizlab_glasses, hangedman_abyss_entry_splay
Depths:4: grunt_zot_entry_pinwheel, layout_gridlike,
          nicolae_abyss_entry_one_way_or_another, pf_hell_entry_tar_spiral,
          eino_tiny_chamber, minmay_misc_feat_rugged,
          hangedman_research_electronics, uniq_frederick, uniq_xtahua
Hell
Zot:1:    layout_basic, regret_index_zotdec_zees, hangedman_elemental_corridor
Zot:2:    regret_index_infernal_bastille, layout_cellular_growth
Zot:3:    kennysheep_oblong_rooms, layout_onion,
          regret_index_zotdec_split_disrupt, regret_index_zotdec_dark_gr
Zot:4:    layout_concentric_octagons, hangedman_zot_gyre

Skill      XL: |  1  2  3  4  5  6  7  8  9 10 11 12 13 14 15 16 17 18 19 20 21 22 23 24 25 26 27 |
---------------+----------------------------------------------------------------------------------+-----
Fighting       | 4 5 6 7 8 9 11 12 13 14 15 16 17 18 19 20 21 22 23 24 | 24.5
Axes           | 5 6 7 8 10 12 14 16 18 | 18.0
Invocations    | 3 6 8 10 12 13 14 16 17 18 19 20 21 22 23 24 25 | 25.0
Armour         | 5 7 9 10 12 13 14 15 16 17 18 19 20 | 20.1
Shields        | 5 8 11 12 13 14 15 16 18 19 20 | 20.9
Throwing       | 4 7 9 11 12 13 14 15 16 17 18 | 18.5
Dodging        | 8 11 13 14 15 16 17 | 17.4
Translocations | 1 5 8 9 10 | 10.8
Air Magic      | 2 |  2.5

Action                     |  1- 3 |  4- 6 |  7- 9 | 10-12 | 13-15 | 16-18 | 19-21 | 22-24 | 25-27 || total
---------------------------+-------+-------+-------+-------+-------+-------+-------+-------+-------++-------
  Melee: Hand axe          |   124 |   208 |     9 |     3 |       |       |       |       |       ||   344
         Trident           |       |       |   174 |   252 |       |       |       |       |       ||   426
         War axe           |       |       |       |   196 |       |       |       |       |       ||   196
         Broad axe         |       |       |       |     3 |   562 |   652 |   614 |  1606 |  1481 ||  4918
         Unarmed           |       |       |       |       |       |       |    17 |       |       ||    17
  Throw: Throwing net      |       |       |     1 |       |       |     1 |       |     2 |       ||     4
         Dart              |       |       |       |     3 |     1 |       |       |     1 |       ||     5
         Boomerang         |       |       |       |       |     4 |    54 |    54 |   113 |     6 ||   231
         Javelin           |       |       |       |       |     1 |     3 |     1 |     1 |     7 ||    13
   Cast: Apportation       |       |       |       |       |       |       |     1 |     1 |     2 ||     4
         Blink             |       |       |       |       |       |       |       |     1 |       ||     1
 Invoke: Convert to Beogh  |       |     1 |       |       |       |       |       |       |       ||     1
         Smiting           |       |       |     2 |       |     5 |     7 |    11 |    19 |    17 ||    61
         Recall Orcish Fol |       |       |       |    49 |    69 |    24 |    90 |    64 |    31 ||   327
         Give Item to Name |       |       |       |     3 |     7 |     3 |     5 |     5 |     7 ||    30
         Stop Recall       |       |       |       |     1 |     4 |     4 |     1 |     2 |     1 ||    13
         Resurrection      |       |       |       |       |     3 |     1 |     3 |     3 |     2 ||    12
  Evoke: Wand              |       |       |       |     2 |       |       |     1 |     3 |     1 ||     7
         Phial of floods   |       |       |       |       |       |     1 |       |     2 |       ||     3
    Use: Scroll            |     4 |     1 |     1 |    11 |    17 |    13 |     8 |     4 |     3 ||    62
         Potion            |       |       |       |     2 |     5 |    11 |     4 |     4 |     9 ||    35
   Stab: Distracted        |       |       |       |     4 |    14 |    14 |    24 |    18 |    33 ||   107
         Invisible         |       |       |       |       |       |     9 |       |       |       ||     9
         Confused          |       |       |       |       |       |       |     1 |     2 |       ||     3
 Armour: Robe              |    14 |       |       |       |       |       |       |       |       ||    14
         Scale mail        |    42 |       |       |       |       |       |       |       |       ||    42
         Chain mail        |    30 |   147 |       |   252 |   628 |   562 |       |       |       ||  1619
         Plate armour      |       |   148 |   179 |   217 |       |       |       |       |       ||   544
         Pearl dragon scal |       |       |       |       |       |   151 |   397 |   765 |   839 ||  2152
         Skin              |       |       |       |       |       |       |     6 |       |       ||     6
  Dodge: Dodged            |    53 |    88 |    37 |   145 |   269 |   494 |   461 |   880 |   951 ||  3378
  Block: Kite shield       |       |       |       |     2 |   454 |   748 |   494 |  1187 |       ||  2885
         Reflection        |       |       |       |       |       |       |    23 |       |       ||    23
         Tower shield      |       |       |       |       |       |       |       |   106 |  2491 ||  2597

Table legend: (Time is in decaauts)
 A = Elapsed time spent in this place.
 B = Non-inter-level travel time spent in this place.
 C = Inter-level travel time spent in this place.
 D = Time resting spent in this place.
 E = Time spent auto-exploring this place.
 F = Levels seen in this place.
 G = Mean time per level.
                   A        B        C        D        E       F      G
               +--------+--------+--------+--------+--------+-----+--------+
         Total |  79643 |  70800 |   8843 |  20005 |  13134 |  65 | 1225.3 |
       Dungeon |  19370 |  16075 |   3295 |   4222 |   5852 |  15 | 1291.3 |
          Lair |   6734 |   5720 |   1014 |    916 |   1914 |   5 | 1346.8 |
         Swamp |   4813 |   4532 |    281 |   1222 |    795 |   4 | 1203.2 |
   Spider Nest |   5714 |   5478 |    236 |   1529 |    413 |   4 | 1428.5 |
    Slime Pits |   1753 |   1654 |     99 |    454 |    312 |   5 |  350.6 |
  Orcish Mines |   1690 |   1183 |    507 |      0 |    514 |   2 |  845.0 |
   Elven Halls |   5146 |   4479 |    667 |   1211 |    977 |   3 | 1715.3 |
        Vaults |  10959 |   9478 |   1481 |   2681 |    624 |   5 | 2191.8 |
         Crypt |   5609 |   5239 |    370 |   1800 |    280 |   3 | 1869.7 |
        Depths |   7636 |   6987 |    649 |   2298 |    780 |   4 | 1909.0 |
          Hell |    715 |    715 |      0 |    247 |     57 |   1 |  715.0 |
           Zot |   4972 |   4731 |    241 |   1419 |    345 |   4 | 1243.0 |
         Abyss |    976 |    976 |      0 |    133 |      0 |   4 |  244.0 |
         Trove |     31 |     31 |      0 |      0 |      0 |   1 |   31.0 |
         Sewer |    364 |    364 |      0 |    136 |    104 |   1 |  364.0 |
        Bailey |    931 |    931 |      0 |    702 |     54 |   1 |  931.0 |
       Volcano |    529 |    529 |      0 |    248 |      0 |   1 |  529.0 |
        Wizlab |    762 |    762 |      0 |    393 |     22 |   1 |  762.0 |
    Desolation |    931 |    931 |      0 |    390 |     89 |   1 |  931.0 |
               +--------+--------+--------+--------+--------+-----+--------+

Top non-repeatable levels by time:
 Crypt:3: 3036 daAuts
Vaults:2: 2555 daAuts
Vaults:4: 2477 daAuts
Vaults:1: 2465 daAuts
Depths:4: 2439 daAuts
    D:13: 2311 daAuts
Spider:2: 2291 daAuts
Depths:2: 2196 daAuts
Vaults:3: 2092 daAuts
   Zot:1: 1987 daAuts
    D:10: 1909 daAuts
   Elf:3: 1885 daAuts
Depths:1: 1761 daAuts
   Zot:2: 1725 daAuts
    D:12: 1679 daAuts
